 Dungeon Crawl Stone Soup version 0.28-a0-1389-gc726bef33b (webtiles) character file.

Game seed: 12683917076762459923

155067 flotson the Fighter (level 17, -3/135 HPs)
             Began as a Demonspawn Gladiator on Jan 4, 2022.
             Was an Initiate of Gozag.
             Killed from afar by a deep elf zephyrmancer (14 damage)
             ... with a bolt of lightning
             ... on level 1 of the Elven Halls.
             The game lasted 01:09:34 (42850 turns).

flotson the Fighter (Demonspawn Gladiator)         Turns: 42850, Time: 01:09:36

Health: -3/135     AC: 21    Str: 33    XL:     17   Next: 7%
Magic:  17/17      EV: 18    Int: 10    God:    Gozag
Gold:   792        SH:  0    Dex: 22    Spells: 16/16 levels left

rFire   . . .      SeeInvis .   b - +8 hand crossbow of Attainder {venom, Str+5}
rCold   + . .      Faith    .   H - +5 kite shield of Blue Awe {rN+}
rNeg    + + +      Spirit   .   j - +3 scale mail {Will+}
rPois   .          Reflect  .   Q - +1 hat
rElec   .          Harm     .   (cloak unavailable)
rCorr   +          Rampage  .   h - +1 pair of gloves
Will    ++++.                   e - +1 pair of boots
Stlth   +.........              d - amulet of Doubts {Acrobat +Blink rN+}
HPRegen 0.32/turn               W - ring of Appifoun {Will++ Str+6}
MPRegen 0.15/turn               y - ring "Nirym" {rN++ rCorr AC+4 Dex+3 Stlth-}

@: confused, ambrosia-drunk, gold aura
A: thin skeletal structure 2, demonic guardian 2, ignite blood 2, weakness
stinger 3, cold resistance 1, MP-powered wands
a: Renounce Religion, Evoke Blink, Potion Petition, Call Merchant, Bribe Branch


You were on level 1 of the Elven Halls.
You worshipped Gozag.
Gozag was pleased with you.
You visited 5 branches of the dungeon, and saw 25 of its levels.
You also visited: Gauntlet and Ice Cave.

You collected 8580 gold pieces.
You spent 3140 gold pieces at shops.
You paid 4648 gold pieces to Gozag.

Inventory:

Hand Weapons
 a - the +8 woodcutter's axe {vorpal}
   (You bought it in a shop on level 4 of the Dungeon)

   It inflicts extra damage upon your enemies.
 b - the +8 hand crossbow of Attainder (weapon) {venom, Str+5}
   (You bought it in a shop on level 2 of the Orcish Mines)

   Any ammunition fired from it poisons the flesh of those it strikes.
   Str:       It affects your strength (+5).
 z - the +10 mace of Wyrd {pain, Fly rPois Dex+4 Stlth-}
   (You found it on level 1 of the Elven Halls)

   In the hands of one skilled in necromantic magic, it inflicts extra damage on
   living creatures.
   Dex:       It affects your dexterity (+4).
   rPois:     It protects you from poison.
   Fly:       It grants you flight.
   Stlth:     It makes you less stealthy.
Missiles
 s - 10 curare-tipped darts
 t - 157 bolts (quivered ammo)
 I - 4 throwing nets
 R - 5 silver javelins
Armour
 e - a +1 pair of boots (worn)
 h - a +1 pair of gloves (worn)
 j - a +3 scale mail of willpower (worn)
 H - the +5 kite shield of Blue Awe (worn) {rN+}
   (You bought it in a shop on level 2 of the Orcish Mines)

   rN:        It protects you from negative energy.
 Q - a +1 hat (worn)
Jewellery
 d - the amulet of Doubts (around neck) {Acrobat +Blink rN+}
   (You bought it in a shop on level 1 of the Orcish Mines)

   [amulet of the acrobat]

   It increases your evasion while moving and waiting.
   rN:        It protects you from negative energy.
   +Blink:    It lets you blink.
 y - the ring "Nirym" (right hand) {rN++ rCorr AC+4 Dex+3 Stlth-}
   (You found it on level 14 of the Dungeon)

   [ring of protection]

   AC:        It affects your AC (+4).
   Dex:       It affects your dexterity (+3).
   rN:        It greatly protects you from negative energy.
   rCorr:     It protects you from acid and corrosion.
   Stlth:     It makes you less stealthy.
 C - a ring of see invisible
 L - a ring of wizardry
 W - the ring of Appifoun (left hand) {Will++ Str+6}
   (You found it on level 6 of the Lair of Beasts)

   [ring of strength]

   Str:       It affects your strength (+6).
   Will:      It greatly increases your willpower.
Wands
 n - a wand of iceblast (22)
 D - a wand of paralysis (14)
 F - a wand of digging (12)
 T - a wand of acid (14)
 U - a wand of mindburst (11)
Scrolls
 g - 8 scrolls of fear
 i - 4 scrolls of fog
 m - 3 scrolls of magic mapping
 q - 3 scrolls of silence
 r - 6 scrolls of blinking
 u - 4 scrolls of enchant armour
 x - 3 scrolls of enchant weapon
 E - 13 scrolls of teleportation
 J - 2 scrolls of holy word
 M - a scroll of amnesia
 N - 3 scrolls of immolation
 X - 2 scrolls of summoning {unknown}
Potions
 c - a potion of curing
 k - 3 potions of haste
 o - 9 potions of attraction
 p - 4 potions of might
 w - 2 potions of lignification
 G - 5 potions of cancellation
 K - 4 potions of ambrosia
 O - a potion of invisibility
Miscellaneous
 f - a box of beasts
 l - a phantom mirror
 v - a lightning rod (4/4)
 A - a tin of tremorstones (2/2)
 V - a phial of floods
 Z - a piece from Xom's chessboard (15/15)


   Skills:
 + Level 12.8 Fighting
 + Level 11.0 Axes
 + Level 1.3 Crossbows
 - Level 10.7 Throwing
 + Level 10.7 Armour
 + Level 11.0 Dodging
 + Level 10.2 Shields
 + Level 10.9 Evocations


You had 16 spell levels left.
You didn't know any spells.
Your spell library contained the following spells:

 Spells                   Type           Power      Damage    Failure   Level
 Beastly Appendage        Tmut           0%         N/A       77%         1
 Foxfire                  Conj/Fire      0%         2x1d4     77%         1
 Pain                     Necr           0%         1d4       77%         1
 Shock                    Conj/Air       0%         1d3       77%         1
 Slow                     Hex            0%         N/A       77%         1
 Summon Small Mammal      Summ           0%         N/A       77%         1
 Ensorcelled Hibernation  Hex/Ice        0%         N/A       88%         2
 Wereblood                Tmut           0%         N/A       88%         2
 Call Canine Familiar     Summ           0%         N/A       98%         3
 Confusing Touch          Hex            0%         N/A       98%         3
 Conjure Flame            Conj/Fire      0%         6-21      98%         3
 Dazzling Flash           Conj/Hex       0%         N/A       98%         3
 Gell's Gravitas          Tloc           0%         N/A       98%         3
 Inner Flame              Hex/Fire       0%         N/A       98%         3
 Lesser Beckoning         Tloc           0%         N/A       98%         3
 Mephitic Cloud           Conj/Pois/Air  0%         N/A       98%         3
 Ozocubu's Armour         Ice            0%         N/A       98%         3
 Spider Form              Tmut/Pois      0%         N/A       98%         3
 Stone Arrow              Conj/Erth      0%         3d7       98%         3
 Summon Guardian Golem    Hex/Summ       0%         N/A       98%         3
 Swiftness                Air            0%         N/A       98%         3
 Teleport Other           Tloc           0%         N/A       98%         3
 Tukima's Dance           Hex            0%         N/A       98%         3
 Vampiric Draining        Necr           0%         2d6       98%         3
 Airstrike                Air            0%         N/A       100%        4
 Animate Armour           Summ/Erth      0%         N/A       100%        4
 Cause Fear               Hex            0%         N/A       100%        4
 Flame Wave               Conj/Fire      0%         2d4       100%        4
 Fulminant Prism          Conj/Hex       0%         3d6       100%        4
 Iskenderun's Mystic Bla  Conj/Tloc      0%         2d3       100%        4
 Passage of Golubria      Tloc           0%         N/A       100%        4
 Summon Lightning Spire   Summ/Air       0%         N/A       100%        4
 Agony                    Necr           0%         N/A       100%        5
 Excruciating Wounds      Necr           0%         N/A       100%        5
 Lee's Rapid Deconstruct  Erth           0%         3d5*      100%        5
 Summon Forest            Summ/Tloc      0%         N/A       100%        5
 Yara's Violent Unravell  Hex/Tmut       0%         3d3       100%        5
 Eringya's Noxious Bog    Tmut/Pois      0%         N/A       100%        6
 Iron Shot                Conj/Erth      0%         9d1       100%        6
 Ozocubu's Refrigeration  Ice            0%         4d5       100%        7
 Summon Hydra             Summ           0%         N/A       100%        7
 Borgnjor's Revivificati  Necr           0%         N/A       100%        8
 Discord                  Hex            0%         N/A       100%        8
 Lehudib's Crystal Spear  Conj/Erth      0%         10d2      100%        8
 Necromutation            Tmut/Necr      0%         N/A       100%        8
 Death's Door             Necr           0%         N/A       100%        9


Dungeon Overview and Level Annotations

Branches:
Dungeon (15/15)            Temple (1/1) D:6            Lair (6/6) D:9
  Snake (0/4) Lair:2       Spider (0/4) Lair:3        Slime (0/5) Lair:6
    Orc (2/2) D:12            Elf (1/3) Orc:2        Vaults (0/5) D:13
 Depths (0/4) D:15          IceCv (visited)         Gauntlet (visited)

Altars:
Ashenzari
Cheibriados
Gozag
Hepliaklqana
Makhleb
Sif Muna
Trog
Vehumet
Yredelemnul
Zin
The Shining One
Beogh

Shops:
D:4 (   D:6 !   D:11 (   Orc:1 =[[=?   Orc:2 =(=*[

Portals:
Hell: Lair:6


Innate Abilities, Weirdness & Mutations

You have a moderately thin skeletal structure. (Dex +4, Stealth++)
A demonic guardian rushes to your aid.
Your demonic aura often causes spilled blood to erupt in flames.
You have a sharp stinger which inflicts weakening toxins.
Your flesh is cold resistant. (rC+)
You expend magic power (3 MP) to strengthen your wands.


Message History

The deep elf zephyrmancer casts a spell.
The deep elf zephyrmancer blinks!
Fire: 160 bolts
Press: ? - help, Q - select action, (/) - cycle Shift-Dir - straight line, f/p - deep elf zephyrmancer
Aim: a deep elf zephyrmancer, wielding a +0 long sword and wearing a +0 leather armour (ally target, 70% to hit)
You shoot a bolt.
The bolt hits the deep elf zephyrmancer!!
The deep elf zephyrmancer is heavily wounded.
The deep elf pyromancer mumbles some strange words.
The deep elf pyromancer blinks!
The deep elf zephyrmancer is engulfed in blazing flames.
Fire: 159 bolts
Press: ? - help, Q - select action, (/) - cycle Shift-Dir - straight line, f/p - deep elf zephyrmancer
Aim: a deep elf zephyrmancer, wielding a +0 long sword and wearing a +0 leather armour (severely wounded, ally target, 70% to hit)
You shoot a bolt.
The bolt closely misses the deep elf zephyrmancer.
Fire: 158 bolts
Press: ? - help, Q - select action, (/) - cycle Shift-Dir - straight line, f/p - deep elf zephyrmancer
Aim: a deep elf zephyrmancer, wielding a +0 long sword and wearing a +0 leather armour (severely wounded, ally target, 70% to hit)
You shoot a bolt.
The bolt closely misses the deep elf zephyrmancer.
The deep elf zephyrmancer points at you and mumbles some strange words.
The bolt of lightning hits you!!
* * * LOW HITPOINT WARNING * * *
A demonic guardian appears!
The bolt of lightning hits your sun demon!
Your sun demon resists.
The bolt of lightning hits the water elemental!
The water elemental resists.
The deep elf pyromancer mumbles some strange words.
The deep elf pyromancer blinks!
The water elemental hits your sun demon.
The water elemental engulfs your sun demon in water!
You are confused.
You feel invigorated.
Your sun demon is asphyxiated!
The deep elf zephyrmancer gestures at you while chanting.
The bolt of lightning hits you!
You die...
Your body crumbles into a pile of gold. 8

#.#####.## #.###.## #. .. +
##.## #.# ##.## ## ... ##.##
#.# ##.## # .#..## ### ##.##
#.# ##.## # ....'.##.###
##.## #.# ##.## #
oE.$''o....#####.###.# ##.###
.#..#.......§# ##.##'###
##.## ..
+........#####3#...## ##'.
+...(..$§$E3@'.e...(## ##.(
#....)..(#####.......#####...
#...(...°# #.[..((.+...'...
#+.....### #....°..#####...
###.### ##.....## ##.. ###
##'#...'## ##. ##.##'###.##
## ##.###.# ##.## # ##.## #.#
##.## #


You could see a water elemental, a deep elf zephyrmancer (ally target) and 2
friendly sun demons.

Vanquished Creatures
  Gastronok (D:9)
  An orc warlord (Orc:2)
  A reaper (IceCv)
  A stone giant (D:15)
  A minotaur (Gauntlet)
  A dire elephant (Lair:6)
  Josephine (D:10)
  A hell beast (Gauntlet)
  Fannar (D:10)
  Erolcha (D:9)
  9 hydras
  An ogre mage (D:15)
  6 boulder beetles
  A two-headed ogre (shapeshifter) (D:13)
  6 centaur warriors
  A death knight (D:14)
  8 two-headed ogres
  3 tengu warriors
  7 death yaks
  An orc high priest (Orc:2)
  The ghost of snackwell the Summoner, a novice MfSu of Hepliaklqana (D:13)
  Sonja (Lair:3)
  2 deep elf knights
  A sixfirhy (Lair:6)
  2 wizards
  A phantasmal warrior (D:14)
  5 orc knights
  3 deep elf archers (Elf:1)
  5 orc sorcerers
  9 deep elf pyromancers
  5 deep elf zephyrmancers (Elf:1)
  8 ugly things
  2 cyclopes (D:13)
  6 manticores
  A manticore (shapeshifter) (D:15)
  2 elephants
  A centaur zombie (D:11)
  3 ice statues
  An eye of devastation (Gauntlet)
  5 black mambas
  Joseph (D:7)
  A smoke demon (Lair:6)
  A torpor snail (Lair:6)
  4 orange demons (Lair:6)
  14 cane toads
  A gargoyle (D:10)
  Maurice (D:12)
  11 komodo dragons
  A yaktaur (D:14)
  2 freezing wraiths
  5 rime drakes
  An efreet (D:15)
  A kobold demonologist (D:14)
  6 ice devils
  2 tengu conjurers
  An anaconda simulacrum (IceCv)
  8 trolls
  A queen bee (D:9)
  A merfolk (shapeshifter) (D:14)
  10 slime creatures
  2 polar bears
  2 hornets
  11 blink frogs
  8 wraiths
  An air elemental (Elf:1)
  2 shadows
  A wyvern (Lair:6)
  2 vampires
  40 yaks
  2 water elementals
  A fire elemental (Elf:1)
  6 basilisks
  A steam dragon (D:7)
  9 vampire mosquitoes
  3 redbacks (Lair:3)
  3 wargs
  5 nagas (Lair:2)
  5 acid dragons
  15 water moccasins
  25 orc warriors
  A floating eye (Gauntlet)
  5 hell hounds
  An ice beast (D:6)
  A black bear (D:9)
  2 sky beasts (D:7)
  A necrophage (D:5)
  14 wolves
  21 centaurs
  12 ogres
  4 boggarts (D:15)
  A kobold brigand (D:11)
  11 bullfrogs
  A gnoll sergeant (D:12)
  A scorpion (D:7)
  2 two-headed ogre simulacra (IceCv)
  A wyvern zombie (D:9)
  2 earth elementals (Elf:1)
  2 wyvern skeletons (D:7)
  A water moccasin skeleton (D:5)
  32 killer bees
  An elephant simulacrum (IceCv)
  13 wights
  2 electric eels
  A bullfrog zombie (D:6)
  2 hounds
  2 jellies
  19 orc priests
  2 gnoll shamans
  2 iguanas
  An iron imp (D:15)
  A centaur skeleton (D:4)
  27 orc wizards
  3 troll simulacra (IceCv)
  3 polar bear simulacra (IceCv)
  A killer bee zombie (D:3)
  A spriggan simulacrum (IceCv)
  A wolf simulacrum (IceCv)
  A howler monkey zombie (D:9)
  22 gnolls
  2 naga simulacra (IceCv)
  6 adders
  A shadow imp (D:7)
  4 white imps
  3 ufetubi (IceCv)
  2 dart slugs
  65 orcs
  5 endoplasms
  2 giant cockroaches
  10 goblins
  5 hobgoblins
  8 jackals
  3 quokkas
  3 ball pythons
  3 bats
  3 frilled lizards
  8 kobolds
  3 rats
691 creatures vanquished.

Vanquished Creatures (collateral kills)
  The ghost of taxman66 the Peltast, an adept DrFE of the Shining One (D:15)
  A boulder beetle (D:12)
  3 death yaks (Lair:4)
  An ice devil (IceCv)
  A komodo dragon (Lair:3)
  A kobold brigand (D:6)
  2 elephant simulacra (IceCv)
  A killer bee (D:9)
  Terence (D:3)
  A gnoll (D:3)
  An orc (D:5)
  A quokka (D:4)
  A kobold (D:6)
16 creatures vanquished.

Vanquished Creatures (others)
  5 dancing weapons (Elf:1)
  An orc wizard (Elf:1)
  2 orcs (Elf:1)
  17 fungi
  37 plants
62 creatures vanquished.

Grand Total: 769 creatures vanquished

Notes
Turn   | Place    | Note
-------+----------+-------------------------------------------
     0 | D:1      | flotson the Demonspawn Gladiator began the quest for the
                  | Orb.
     0 | D:1      | Reached XP level 1. HP: 16/16 MP: 1/1
   554 | D:1      | Gained mutation: You have a small tail. [demonic ancestry]
   554 | D:1      | Reached XP level 2. HP: 21/22 MP: 2/2
  1156 | D:2      | Found a faded altar of an unknown god.
  1163 | D:2      | Gained mutation: A weak demonic guardian rushes to your
                  | aid. [demonic ancestry]
  1163 | D:2      | Reached XP level 3. HP: 28/28 MP: 3/3
  1486 | D:2      | Reached skill level 1 in Armour
  2156 | D:3      | Noticed Terence
  2166 | D:3      | Killed Terence
  2167 | D:3      | Reached XP level 4. HP: 18/34 MP: 4/4
  3095 | D:3      | Reached XP level 5. HP: 39/40 MP: 5/5
  3275 | D:3      | Reached skill level 3 in Fighting
  3603 | D:4      | Noticed an ogre
  3607 | D:4      | Killed an ogre
  3608 | D:4      | Gained mutation: Your demonic aura sometimes causes spilled
                  | blood to erupt in flames. [demonic ancestry]
  3608 | D:4      | Reached XP level 6. HP: 41/47 MP: 6/6
  3758 | D:4      | Found Daaw's Weapon Shoppe.
  4183 | D:5      | Entered Level 5 of the Dungeon
  4327 | D:5      | Reached XP level 7. HP: 39/53 MP: 7/7
  4928 | D:5      | Got the Incunabulum of Displaced Attacks
  5209 | D:6      | Found Huynuo's Distillery.
  5217 | D:6      | Reached skill level 4 in Fighting
  5362 | D:6      | Bought a potion of attraction for 36 gold pieces
  5362 | D:6      | Bought a potion of lignification for 36 gold pieces
  5443 | D:6      | Noticed a hornet
  5465 | D:6      | Killed a hornet
  5466 | D:6      | Reached skill level 1 in Shields
  5466 | D:6      | Reached skill level 1 in Evocations
  5466 | D:6      | Reached XP level 8. HP: 44/61 MP: 8/8
  5656 | D:6      | Found a staircase to the Ecumenical Temple.
  5661 | Temple   | Entered the Ecumenical Temple
  5732 | Temple   | Became a worshipper of Gozag Ym Sagoz the Greedy
  6602 | D:7      | Noticed Joseph
  6738 | D:7      | Killed Joseph
  7127 | D:7      | Reached skill level 5 in Dodging
  7154 | D:7      | Reached skill level 5 in Axes
  7268 | D:7      | Reached skill level 5 in Fighting
  7656 | D:7      | Reached XP level 9. HP: 58/68 MP: 9/9
  8451 | D:7      | Reached skill level 5 in Throwing
 10307 | D:8      | Found a shimmering blue altar of Sif Muna.
 10768 | D:4      | Bought the +8 woodcutter's axe {vorpal} for 574 gold pieces
 10768 | D:4      | Found the +8 woodcutter's axe {vorpal}
 10907 | D:9      | Reached skill level 5 in Armour
 10974 | D:9      | Noticed an elephant
 10975 | D:9      | Found a staircase to the Lair.
 10993 | D:9      | Reached skill level 6 in Fighting
 11000 | D:9      | Killed an elephant
 11001 | D:9      | Reached XP level 10. HP: 42/76 MP: 10/10
 11803 | D:9      | Reached skill level 5 in Evocations
 12237 | D:9      | Noticed Erolcha
 12249 | D:9      | Killed Erolcha
 12399 | D:9      | Noticed a boulder beetle
 12420 | D:9      | Killed a boulder beetle
 12421 | D:9      | Reached skill level 5 in Shields
 12659 | D:9      | Gained mutation: You do not regenerate when monsters are
                  | visible. [potion of mutation]
 12659 | D:9      | Gained mutation: You are weak. (Str -2) [potion of
                  | mutation]
 12701 | D:8      | Reached skill level 7 in Fighting
 12838 | D:8      | Lost mutation: You do not regenerate when monsters are
                  | visible. [potion of mutation]
 12838 | D:8      | Lost mutation: You are weak. (Str -2) [potion of mutation]
 12838 | D:8      | Gained mutation: You expend magic power (3 MP) to
                  | strengthen your wands. [potion of mutation]
 12838 | D:8      | Gained mutation: Your flesh is cold resistant. (rC+)
                  | [potion of mutation]
 12884 | D:9      | Gained mutation: You have a tail ending in a sharp stinger.
                  | [demonic ancestry]
 12884 | D:9      | Reached XP level 11. HP: 47/84 MP: 11/11
 13854 | D:9      | Noticed Gastronok
 13901 | D:9      | Killed Gastronok
 14180 | D:10     | Entered Level 10 of the Dungeon
 14326 | D:10     | Noticed Josephine
 14339 | D:10     | Killed Josephine
 14548 | D:10     | Noticed Fannar
 14844 | D:10     | Killed Fannar
 15541 | Lair:1   | Entered Level 1 of the Lair of Beasts
 16103 | Lair:1   | Gained mutation: A demonic guardian rushes to your aid.
                  | [demonic ancestry]
 16103 | Lair:1   | Reached XP level 12. HP: 92/92 MP: 12/12
 16146 | Lair:1   | Reached skill level 8 in Fighting
 17040 | Lair:2   | Found a staircase to the Snake Pit.
 17894 | Lair:3   | Noticed Sonja
 17927 | Lair:3   | Found a frozen archway.
 17946 | IceCv    | Entered an ice cave
 18919 | IceCv    | Noticed a reaper
 19087 | IceCv    | Killed a reaper
 19777 | Lair:3   | Killed Sonja
 20299 | Lair:3   | Found a hole to the Spider Nest.
 20555 | Lair:4   | Noticed a death yak
 20555 | Lair:4   | Noticed a death yak
 20555 | Lair:4   | Noticed a death yak
 20574 | Lair:4   | Killed a death yak
 20581 | Lair:4   | Killed a death yak
 20597 | Lair:4   | Killed a death yak
 21103 | Lair:4   | Noticed a four-headed hydra
 21138 | Lair:4   | Killed a four-headed hydra
 21139 | Lair:4   | Reached skill level 9 in Fighting
 21139 | Lair:4   | Gained mutation: Your demonic aura often causes spilled
                  | blood to erupt in flames. [demonic ancestry]
 21139 | Lair:4   | Reached XP level 13. HP: 89/101 MP: 13/13
 25789 | Lair:6   | Entered Level 6 of the Lair of Beasts
 25953 | Lair:6   | Found a staircase to the Slime Pits.
 25958 | Lair:6   | Found the ring of the Octopus King
 25990 | Lair:6   | Identified a ring of the Octopus King {rC+ AC+1 EV+1 Str+1
                  | Int+1 Dex+1}
 27003 | Lair:6   | Reached XP level 14. HP: 80/109 MP: 14/14
 27297 | Lair:6   | Found a burning altar of Makhleb.
 27321 | Lair:6   | Reached skill level 10 in Fighting
 28150 | Lair:6   | Found a gateway to Hell.
 28161 | Lair:6   | Identified the ring of Appifoun {Will++ Str+6}
 29184 | D:11     | Found Zifim's Antique Weapon Shoppe.
 29191 | D:11     | Bought a crystal mace for 256 gold pieces
 29191 | D:11     | Identified the +1 mace "Juujow" {holy, Dex+3} (You bought
                  | it in a shop on level 11 of the Dungeon)
 29309 | D:11     | You fall into a shaft and drop 2 floors!
 29921 | D:12     | Noticed Maurice
 29948 | D:12     | Killed Maurice
 30336 | D:12     | Got the Incunabulum of Flight
 30473 | D:12     | Found a staircase to the Orcish Mines.
 32072 | D:13     | Found a runed translucent door.
 32077 | D:13     | Noticed snackwell's ghost (novice MfSu)
 32096 | D:13     | Killed snackwell's ghost
 32377 | D:13     | Found a gate to the Vaults.
 32601 | D:14     | Found a gate leading to a gauntlet.
 32607 | D:14     | Reached skill level 10 in Axes
 32623 | Gauntlet | Entered a Gauntlet
 32623 | Gauntlet | Found a transporter.
 32623 | Gauntlet | Found a transporter.
 32708 | Gauntlet | Found a transporter.
 32709 | Gauntlet | Found a transporter.
 32710 | Gauntlet | Found a transporter.
 32712 | Gauntlet | Found a transporter.
 32720 | Gauntlet | Found a transporter.
 32721 | Gauntlet | Found a transporter.
 32722 | Gauntlet | Found a transporter.
 32723 | Gauntlet | Found a transporter.
 32732 | Gauntlet | Found a transporter.
 32739 | Gauntlet | Found a transporter.
 33215 | Gauntlet | Reached skill level 10 in Dodging
 33224 | Gauntlet | Identified the amulet of the City {RegenMP -Tele rElec
                  | Will+ Int+4}
 33369 | Gauntlet | Identified the +1 chain mail of the Will of the Gods {Str+2
                  | SInv}
 34048 | D:14     | Reached skill level 10 in Throwing
 34088 | D:14     | Gained mutation: You have a sharp stinger which inflicts
                  | weakening toxins. [demonic ancestry]
 34088 | D:14     | Reached XP level 15. HP: 37/117 MP: 15/15
 34406 | D:14     | Identified the ring "Nirym" {rN++ rCorr AC+4 Dex+3 Stlth-}
 34429 | D:14     | Found a runed translucent door.
 34565 | D:14     | Reached skill level 10 in Evocations
 34825 | D:14     | Reached skill level 11 in Fighting
 35091 | D:14     | Found a runed translucent door.
 35104 | D:14     | Reached skill level 10 in Armour
 35349 | D:15     | Entered Level 15 of the Dungeon
 35524 | D:15     | Found a snail-covered altar of Cheibriados.
 36183 | D:15     | Found a runed translucent door.
 36183 | D:15     | Noticed taxman66's ghost (adept DrFE)
 36296 | D:15     | Identified the +0 ring mail of Liberty {rF+ rC+ Slay+5}
 36509 | D:15     | Found a staircase to the Depths.
 37093 | Orc:1    | Entered Level 1 of the Orcish Mines
 37329 | Orc:2    | Entered Level 2 of the Orcish Mines
 37411 | Orc:2    | Found a staircase to the Elven Halls.
 37451 | Orc:2    | Found Cirune's Jewellery Shoppe.
 38398 | Orc:2    | Noticed an orc warlord
 38639 | Orc:2    | Killed an orc warlord
 38776 | Orc:2    | Found Puaha's General Store.
 38832 | Orc:2    | Found Rosis's Antique Armour Boutique.
 38840 | Orc:2    | Bought a blackened leather armour for 189 gold pieces
 38840 | Orc:2    | Identified the +2 leather armour of the Bull {rF+ Regen+
                  | Int-4 Dex+7} (You bought it in a shop on level 2 of the
                  | Orcish Mines)
 38840 | Orc:2    | Bought a glowing tower shield for 202 gold pieces
 38840 | Orc:2    | Bought a translucent scale mail for 243 gold pieces
 38840 | Orc:2    | Identified the +1 scale mail of the Heron {+Blink Int+4
                  | Dex+4} (You bought it in a shop on level 2 of the Orcish
                  | Mines)
 38840 | Orc:2    | Bought a warped kite shield for 256 gold pieces
 38840 | Orc:2    | Identified the +5 kite shield of Blue Awe {rN+} (You bought
                  | it in a shop on level 2 of the Orcish Mines)
 38840 | Orc:2    | Bought a smoking ring mail for 243 gold pieces
 38840 | Orc:2    | Identified the +3 ring mail of Kamoet {-Tele rN+ Regen+
                  | Str+4} (You bought it in a shop on level 2 of the Orcish
                  | Mines)
 39067 | Orc:2    | Found Imnovul's Jewellery Boutique.
 39082 | Orc:2    | Found Maoburon's Antique Weapon Boutique.
 39089 | Orc:2    | Bought a crystal hand crossbow for 221 gold pieces
 39089 | Orc:2    | Identified the +8 hand crossbow of Attainder {venom, Str+5}
                  | (You bought it in a shop on level 2 of the Orcish Mines)
 39607 | Orc:1    | Bought 2 scrolls of noise for 28 gold pieces
 39607 | Orc:1    | Bought a scroll of identify for 28 gold pieces
 39607 | Orc:1    | Bought a scroll of identify for 28 gold pieces
 39607 | Orc:1    | Bought a scroll of identify for 28 gold pieces
 39607 | Orc:1    | Bought a scroll of amnesia for 49 gold pieces
 39621 | Orc:1    | Reached skill level 12 in Fighting
 39621 | Orc:1    | Gained mutation: You have a somewhat thin skeletal
                  | structure. (Dex +2, Stealth+) [demonic ancestry]
 39621 | Orc:1    | Reached XP level 16. HP: 129/129 MP: 16/16
 39630 | Orc:1    | Bought the amulet of Doubts {Acrobat +Blink rN+} for 723
                  | gold pieces
 40057 | D:15     | Killed taxman66's ghost
 41238 | Elf:1    | Entered Level 1 of the Elven Halls
 41254 | Elf:1    | Reached skill level 10 in Shields
 41698 | Elf:1    | Identified the +10 mace of Wyrd {pain, Fly rPois Dex+4
                  | Stlth-}
 42362 | Elf:1    | Gained mutation: You have a moderately thin skeletal
                  | structure. (Dex +4, Stealth++) [demonic ancestry]
 42362 | Elf:1    | Reached XP level 17. HP: 135/135 MP: 17/17
 42385 | Elf:1    | Reached skill level 1 in Crossbows
 42812 | Elf:1    | Paralysed by an air elemental for 1 turns
 42820 | Elf:1    | Paralysed by an air elemental for 1 turns
 42850 | Elf:1    | Killed from afar by a deep elf zephyrmancer

Illustrated notes

Levels and vault maps discovered:
D:1:      minmay_arrival_arboretum_large, layout_loops_ring
D:2:      layout_basic, basic_altar, ebering_ecumenical_altar_box, minivault_23
D:3:      layout_basic, minmay_pentangle, uniq_terence
D:4:      layout_loops_ring, serial_shops, nicolae_shop_bloodbath_and_beyond,
          minmay_statues_item
D:5:      layout_gridville
D:6:      layout_loops_cross, temple_doors_e, serial_shops, shop,
          serial_park_tiny_2
D:7:      layout_loops_ring, minmay_misc_feat_cross, nicolae_benzene_ring,
          uniq_joseph
D:8:      layout_cave_pods, nicolae_sif_muna_condensation
D:9:      minmay_opposing_rooms, layout_irregular_city, david_lair_generic,
          minivault_7, uniq_gastronok, uniq_erolcha
D:10:     layout_cave_pods, uniq_fannar, uniq_josephine
D:11:     layout_irregular_city, serial_shops, nicolae_shop_hallway_plus
D:12:     layout_layer_cave, erik_orc_3, uniq_maurice
D:13:     layout_basic, david_vaults_1, ebering_ghost_reflecting_pool
D:14:     minmay_the_grid_four_pointed_star_mashed
          [minmay_the_grid_triangle_9x9_tough_junction,
          minmay_the_grid_triangle_9x9_corruption,
          minmay_the_grid_triangle_9x9_from_above,
          minmay_the_grid_triangle_9x9_intruding_spiral,
          minmay_the_grid_prize_trominoes], layout_basic, gauntlet_entry_generic
D:15:     grunt_enter_depths_snipers, layout_grid_maze, kennysheep_doodads,
          gammafunk_ghost_grave, chei_slow_surprise
Temple:   mainiacjoe_temple_circle_huts
Lair:1:   layout_small_grid, cheibrodos_lair_caveside_slide
Lair:2:   layout_chaotic_city, minmay_snake_entry_guardpost_medium,
          minivault_25, grunt_megastairs_2, serial_bayou_shore_b
Lair:3:   layout_long_grid, spider_nest_entry_funnel_web,
          portal_ice_cave_entry_pillars_2, uniq_sonja
Lair:4:   layout_regular_city
Lair:5:   layout_gridlike, grunt_megastairs_3
Lair:6:   evil_forest, layout_gridlike, minmay_slime_entry_pillars, minivault_11
Orc:1:    layout_diamond_mine, nicolae_orc_stony_grotto
Orc:2:    grunt_orc_cross, layout_diamond_mine, basic_altar, serial_shops, shop
Elf:1:    eino_elf_arrival_customs, layout_geoelf_grid, serial_glass,
          glass_columns_b, glass_columns_a, orc_legates

Skill      XL: |  1  2  3  4  5  6  7  8  9 10 11 12 13 14 15 16 17 |
---------------+----------------------------------------------------+-----
Throwing       | 2 3 4 5 6 7 8 9 10 | 10.7
Axes           | 3 4 5 6 7 8 9 10 11 | 11.0
Armour         | 1 2 3 4 5 6 7 8 9 10 | 10.7
Dodging        | 3 4 5 6 7 8 9 10 11 | 11.0
Fighting       | 3 4 5 6 7 9 10 12 | 12.8
Shields        | 1 2 3 5 6 7 8 9 10 | 10.2
Evocations     | 1 3 4 5 6 7 8 9 10 | 10.9
Crossbows      | 1 |  1.3

Action                   |  1- 3 |  4- 6 |  7- 9 | 10-12 | 13-15 | 16-18 || total
-------------------------+-------+-------+-------+-------+-------+-------++-------
Melee: Dagger            |    81 |    11 |       |       |       |       ||    92
       Tailslap          |    13 |    18 |    45 |    97 |   199 |    10 ||   382
       Trident           |       |   124 |   188 |     5 |    19 |       ||   336
       Whip              |       |       |   174 |       |       |       ||   174
       War axe           |       |       |    27 |   604 |   935 |    33 ||  1599
 Fire: Hand crossbow     |       |       |       |       |       |   105 ||   105
Throw: Throwing net      |       |       |     5 |     1 |       |       ||     6
       Dart              |       |       |     9 |     7 |       |       ||    16
Invok: Call Merchant     |       |       |       |       |     4 |     1 ||     5
Evoke: Wand              |       |       |       |    13 |     2 |       ||    15
  Use: Potion            |       |     2 |     7 |     5 |     3 |     2 ||    19
       Scroll            |       |       |       |     4 |    11 |     7 ||    22
 Stab: Distracted        |       |       |     1 |     3 |     4 |       ||     8
       Held in net/web   |       |       |     1 |       |       |       ||     1
Armor: Leather armour    |    20 |       |     3 |       |       |       ||    23
       Scale mail        |       |    65 |    62 |       |   140 |    21 ||   288
       Skin              |       |       |    37 |       |       |       ||    37
       Swamp dragon scal |       |       |   105 |   176 |   189 |       ||   470
Dodge: Dodged            |    51 |    57 |   142 |   186 |   414 |    39 ||   889
       Repelled          |       |       |       |       |     3 |       ||     3
Block: Kite shield       |       |       |    74 |       |    21 |    51 ||   146
       Tower shield      |       |       |   154 |   441 |   762 |       ||  1357

Table legend: (Time is in decaauts)
 A = Elapsed time spent in this place.
 B = Non-inter-level travel time spent in this place.
 C = Inter-level travel time spent in this place.
 D = Time resting spent in this place.
 E = Time spent auto-exploring this place.
 F = Levels seen in this place.
 G = Mean time per level.
                   A        B        C        D        E       F      G
               +--------+--------+--------+--------+--------+-----+--------+
         Total |  43146 |  40707 |   2439 |   4057 |  30534 |  27 | 1598.0 |
       Dungeon |  24041 |  22390 |   1651 |    976 |  18009 |  15 | 1602.7 |
        Temple |    299 |    280 |     19 |    185 |     53 |   1 |  299.0 |
          Lair |  11540 |  10951 |    589 |   1059 |   8560 |   6 | 1923.3 |
  Orcish Mines |   2680 |   2502 |    178 |    663 |   1301 |   2 | 1340.0 |
   Elven Halls |   1668 |   1668 |      0 |    301 |   1096 |   1 | 1668.0 |
      Ice Cave |   1794 |   1794 |      0 |    353 |   1110 |   1 | 1794.0 |
      Gauntlet |   1120 |   1120 |      0 |    520 |    404 |   1 | 1120.0 |
               +--------+--------+--------+--------+--------+-----+--------+

Top non-repeatable levels by time:
  Lair:4: 3765 daAuts
     D:9: 3480 daAuts
    D:15: 2300 daAuts
     D:8: 2204 daAuts
  Lair:5: 2151 daAuts
  Lair:6: 2106 daAuts
     D:7: 2040 daAuts
    D:12: 1797 daAuts
   IceCv: 1794 daAuts
    D:14: 1725 daAuts
   Elf:1: 1668 daAuts
     D:6: 1511 daAuts
   Orc:2: 1498 daAuts
    D:10: 1399 daAuts
     D:3: 1250 daAuts
